Map: Odyssey LE

Players

PtitDrogo - Winner!

  • Race: Protoss Protoss
  • Spawn Location: 11:00

Seither

  • Race: Terran Terran
  • Spawn Location: 5:00

Event: WCS Jonkoping 2017

VOD

Have the link to the VOD?

Description

Time

  • Played on: June 17, 2017, 1:40 p.m.
  • Length: 7:35

All games in this series

Show
View Real Time Build Order
Export as new Build Order

PtitDrogo Protoss - Winner!

Build Orders: 1 Gate Expand 

Get SALT Encoding   

  12  0:00  Probe (Chrono Boost)  
  13  0:11  Probe (Chrono Boost)  
  14  0:18  Pylon  
  14  0:22  Probe (Chrono Boost)  
  15  0:36  Probe (Chrono Boost), Gateway  
  15  0:41  Assimilator  
  16  0:46  Probe (Chrono Boost)  
  17  0:57  Probe (Chrono Boost)  
  18  1:08  Probe (Chrono Boost)  
  19  1:19  Nexus  
  19  1:30  Cybernetics Core  
  19  1:31  Probe (Chrono Boost)  
  20  1:36  Assimilator  
  20  1:41  Probe (Chrono Boost)  
  21  1:47  Pylon  
  21  1:52  Probe (Chrono Boost)  
  22  2:02  Probe (Chrono Boost)  
  22  2:05  Warp Gate (Chrono Boost)  
  22  2:06  Adept (Chrono Boost)  
  25  2:14  Probe  
  26  2:26  Probe  
  29  2:30  Probe, Adept (Chrono Boost)  
  30  2:38  Probe  
  30  2:42  Probe  
  32  2:50  Probe (Chrono Boost)  
  33  2:53  Probe (Chrono Boost)  
  33  2:58  Robotics Facility  
  34  3:02  Probe (Chrono Boost), Pylon  
  34  3:05  Mothership Core (Chrono Boost)  
  37  3:12  Probe (Chrono Boost)  
  38  3:17  Gateway x2  
  38  3:24  Probe (Chrono Boost)  
  39  3:30  Probe (Chrono Boost)  
  40  3:35  Probe (Chrono Boost)  
  40  3:40  Probe  
  42  3:42  Pylon  
  42  3:45  Observer (Chrono Boost)  
  42  3:47  Probe  
  44  3:51  Forge, Twilight Council  
  44  3:52  Probe  
  45  3:59  Pylon, Probe  
  46  4:04  Observer (Chrono Boost)  
  46  4:05  Probe (Chrono Boost)  
  48  4:10  Stalker  
  48  4:11  Probe (Chrono Boost)  
  48  4:12  Adept  
  48  4:13  Adept  
  48  4:16  Probe (Chrono Boost)  
  56  4:18  Protoss Ground Weapons Level 1  
  56  4:20  Assimilator  
  56  4:22  Probe (Chrono Boost), Assimilator  
  57  4:27  Probe (Chrono Boost)  
  58  4:33  Probe (Chrono Boost)  
  58  4:38  Probe (Chrono Boost)  
  60  4:39  Stalker x2  
  60  4:43  Probe (Chrono Boost), Stalker  
  67  4:48  Probe (Chrono Boost)  
  68  4:54  Probe (Chrono Boost)  
  68  4:59  Probe (Chrono Boost)  
  70  5:04  Pylon  
  70  5:09  Resonating Glaives (Chrono Boost)  
  70  5:14  Nexus  
  70  5:16  Pylon  
  70  5:22  Probe, Warp Prism, Pylon  
  72  5:31  Probe  
  72  5:34  Stalker x3  
  79  5:36  Probe  
  75  5:47  Probe  
  77  5:57  Stalker x2  
  77  5:58  Stalker  
  77  6:02  Gateway x2  
  82  6:05  Probe  
  82  6:08  Probe  
  80  6:25  Gateway  
  80  6:26  Probe  
  80  6:29  Gateway  
  80  6:32  Adept x3  
  87  6:36  Probe  
  87  6:37  Probe  
  87  6:38  Probe  
  90  6:40  Pylon  
  90  6:46  Probe  
  89  6:49  Probe  
  91  6:55  Adept x3  
  91  6:57  Pylon  
  91  7:00  Adept x2  
  99  7:10  Probe  
  98  7:16  Pylon  
  98  7:17  Adept x3  
  100  7:25  Adept x2  
Show
View Real Time Build Order
Export as new Build Order

Seither Terran 

Build Orders: Liberator Opening, Reaper Expand, MMM Bio 

Get SALT Encoding   

  12  0:00  SCV  
  13  0:12  SCV  
  14  0:17  Supply Depot  
  14  0:25  SCV  
  15  0:30  Refinery  
  15  0:39  SCV  
  16  0:45  Barracks  
  16  0:51  SCV  
  17  1:03  SCV  
  18  1:15  SCV  
  19  1:33  Orbital Command, Reaper  
  20  1:44  Command Center  
  20  1:54  Factory  
  20  1:59  SCV  
  21  2:02  Refinery  
  21  2:07  Barracks Reactor  
  21  2:11  SCV  
  21  2:15  Supply Depot  
  22  2:23  SCV  
  23  2:36  SCV  
  24  2:44  Starport  
  24  2:47  Marine x2, Widow Mine  
  24  2:48  SCV  
  29  3:01  SCV  
  29  3:03  Orbital Command  
  29  3:05  Marine  
  30  3:06  Marine  
  32  3:13  SCV  
  33  3:20  Factory Tech Lab  
  33  3:24  Medivac  
  33  3:25  SCV  
  36  3:28  Marine x2  
  38  3:34  SCV  
  38  3:37  SCV  
  39  3:43  Siege Tank, Supply Depot  
  39  3:46  SCV  
  39  3:47  Liberator  
  43  3:49  SCV, Marine x2  
  46  3:56  Supply Depot  
  46  4:04  SCV x2  
  53  4:10  Supply Depot  
  53  4:16  SCV  
  54  4:17  SCV  
  53  4:25  Factory Tech Lab  
  53  4:28  Barracks  
  53  4:29  SCV x2, Barracks  
  55  4:36  Stimpack, Marine  
  54  4:41  SCV x2  
  56  4:53  SCV  
  56  4:54  SCV, Starport Reactor  
  56  4:55  Marauder, Engineering Bay, Refinery  
  57  5:01  Factory Reactor  
  57  5:05  SCV, Bunker  
  57  5:06  SCV  
  59  5:15  Supply Depot  
  59  5:16  Marauder, Marine x2  
  59  5:17  SCV  
  59  5:18  SCV  
  62  5:29  SCV  
  62  5:33  Marauder, Combat Shields  
  54  5:37  Marauder  
  54  5:38  Medivac  
  54  5:40  Marine x2  
  54  5:41  SCV  
  57  5:51  Medivac  
  57  5:53  SCV  
  57  5:54  Marauder  
  62  6:02  Marine, Supply Depot  
  62  6:04  Supply Depot  
  62  6:05  Orbital Command  
  62  6:08  SCV  
  62  6:09  Marauder, Marine  
  62  6:16  Marauder  
  60  6:19  Marine  
  60  6:20  SCV  
  60  6:23  Medivac  
  64  6:30  Marauder  
  64  6:31  SCV  
  67  6:33  SCV, Marine  
  69  6:45  Marauder, SCV, Marine  
  73  6:48  SCV  
  73  6:51  Marauder  
  75  6:57  SCV  
  75  7:00  SCV  
  70  7:07  Marauder  
  63  7:09  SCV  
  63  7:11  Marine x2  
  63  7:12  SCV  
  63  7:13  Marauder  
  62  7:21  SCV  
Tags
 
Add a new tag
Caveats
  • Supply blocks, unpowered buildings, or Contaminate may cause inaccurate times.
  • Supply counts are checked every 10 seconds.